cohdb
Replays
Latest Replays
All Replays
Popular Replays
Top Player Replays
Match Explorer
How It Works
Community
CoH3 Stats
Reddit
Sign in to upload your games and track your stats! →
Sign in with Steam
Match 40660438
Unlisted
Match 40660438
Overview
Messages
Build Orders
End
Panzergrenadier Squad
Selects Panzerjäger Kommand Battlegroup
Selects Mine Fields
250 Light Carrier
Panzergrenadier Squad
Panzergrenadier Squad
250 Light Carrier
Construct Light Support Kompanie
Selects Defensive Positions
Combat Half-tracks
Panzerjäger Squad
Panzerjäger Squad
Fire Support Elements
Pak 38 Mechanized Group
Selects Butterfly Bomb Drop
Construct Panzerarmee Kommand
Veteran Squad Leaders
Selects Tank Busters
Construct Panzerarmee Kommand
Selects Crew Shock Tactics
Panzer III L Medium Tank
Panzer III L Medium Tank
Flak 36 Anti-tank Gun Team
Arch3r
MZMZ
jerjawe
Gordon Birdman
[38.] Nowhere Queen
cyrilmag2009
0
0
Comments
sign in to comment!
No comments posted yet!